 Dungeon Crawl Stone Soup version 0.19-a0-957-gf4ea323 (webtiles) character file.

45 HAL9000 the Ruffian (level 3, -2/28 HPs)
             Began as a Draconian Transmuter on July 10, 2016.
             Slain by a kobold
             ... wielding a +0 club
              (3 damage)
             ... on level 2 of the Dungeon.
             The game lasted 00:02:58 (994 turns).

HAL9000 the Ruffian (Draconian Transmuter)           Turns: 994, Time: 00:02:58

Health: -2/28      AC:  5    Str: 12    XL:     3   Next: 42%
Magic:  1/6        EV: 17    Int: 14    God:
Gold:   29         SH:  0    Dex: 16    Spells: 3 memorised, 0 levels left

rFire  . . .     SeeInvis .       - Unarmed
rCold  . . .     Gourm    .     (armour unavailable)
rNeg   . . .     Faith    .     (no shield)
rPois  .         Spirit   .     (helmet restricted)
rElec  .         Dismiss  .     (no cloak)
rCorr  .         Reflect  .     (no gloves)
SustAt .         Harm     .     (no boots)
MR     .....                    (no amulet)
Stlth  ++........               (no ring)
                                (no ring)

@: agile, lethally poisoned (-2 -> -6), very slightly contaminated, hasted, very
quick, not resistant to hostile enchantments, unstealthy
A: unfitting armour, cold-blooded, AC +5
a: no special abilities


You were on level 2 of the Dungeon.
You were not hungry.

You visited 1 branch of the dungeon, and saw 2 of its levels.

You collected 29 gold pieces.

Inventory:

Missiles
 a - 7 arrows
Jewellery
 e - an uncursed amulet of guardian spirit {unknown}
Scrolls
 d - a scroll of teleportation {unknown}
 f - a scroll of identify {unknown}
 i - a scroll of magic mapping {unknown}
 k - a scroll of fear {unknown}
Books
 b - a book of Changes

   Spells                             Type                      Level
   a - Beastly Appendage              Transmutation                1
   b - Sticks to Snakes               Transmutation                2
   c - Spider Form                    Transmutation/Poison         3
   d - Ice Form                       Ice/Transmutation            4
   e - Blade Hands                    Transmutation                5
Comestibles
 c - a bread ration


   Skills:
 - Level 1.1 Fighting
 - Level 1.7 Dodging
 + Level 3.6 Unarmed Combat
 - Level 2.0 Spellcasting
 + Level 3.2 Transmutations


You couldn't memorise any spells.
You knew the following spells:

 Your Spells              Type           Power        Failure   Level  Hunger
a - Beastly Appendage     Tmut           ##....       10%         1    ##.....
b - Sticks to Snakes      Tmut           ##......     12%         2    ###....
c - Spider Form           Tmut/Pois      #.........   38%         3    ####...


Dungeon Overview and Level Annotations

Branches:
Dungeon (2/15)

Altars:


Innate Abilities, Weirdness & Mutations

Your plain brown scales are hard. (AC +5)
Your body does not fit into most forms of armour.
You are cold-blooded and may be slowed by cold attacks.


Message History

Unknown command.
You closely miss the adder. Your punch misses the adder.
The adder is severely wounded.
Unknown command.
You barely miss the adder.
The adder is severely wounded.
* * * LOW HITPOINT WARNING * * *
You feel sick. The adder bites you but does no damage.
The adder barely misses you. The kobold hits you with a club.
* * * LOW HITPOINT WARNING * * *
Unknown command.
You closely miss the adder.
The adder is severely wounded.
The adder closely misses you. The adder misses you.
You barely miss the adder.
You tail-slap the adder, but do no damage.
You punch the adder.
The adder is almost dead.
The kobold hits you with a club.
You die...

#. ####..#....#.. .. .
..##..#.... ...
#####..##... ###.#.
..# ..# #..... .... ..
......#### ####. ...
#........ ... ....
#.......# #.# .....
...#>K@######.##......
.......SS#..KSg......#
#...##..KgS###S......#
#.# #....## ##......#
. #..... #........
#..#..# #........
#..##.. ......... #...
... ......... ...
.....?.......


You could see 2 adders, a goblin, a ball python and 2 kobolds.

Vanquished Creatures
  A giant cockroach (D:2)
  4 goblins (D:1)
  4 hobgoblins (D:1)
  6 jackals (D:1)
  7 kobolds
  4 bats (D:1)
  3 giant newts (D:1)
  5 rats (D:1)
34 creatures vanquished.

Vanquished Creatures (collateral kills)
  An adder (D:2)
  A worm (D:2)
  A bat (D:1)
  A jackal (D:1)
4 creatures vanquished.

Grand Total: 38 creatures vanquished

Notes
Turn   | Place    | Note
-------+----------+-------------------------------------------
     0 | D:1      | HAL9000 the Draconian Transmuter began the quest for the Orb.
     0 | D:1      | Reached XP level 1. HP: 16/16 MP: 3/3
   155 | D:1      | Reached XP level 2. HP: 21/23 MP: 3/5
   173 | D:1      | Learned a level 2 spell: Sticks to Snakes
   398 | D:1      | You fall through a shaft!
   552 | D:1      | Reached XP level 3. HP: 25/28 MP: 4/6
   631 | D:1      | Learned a level 3 spell: Spider Form
   992 | D:2      | HP: 1/28 [kobold/club (2)]
   994 | D:2      | Slain by a kobold

Vault maps used:
D:1:      lemuel_arrival_river_bridge

Skill      XL: |  1  2  3 |
---------------+----------+-----
Transmutations | 3 |  3.2
Fighting       | |  1.1
Dodging        | |  1.7
Unarmed Combat | |  3.6
Spellcasting   | |  2.0

Action                   || total
-------------------------++-------
Melee: Unarmed           ||   109
       Kick              ||     7
       Tailslap          ||     9
       Punch             ||     3
       Headbutt          ||     1
 Cast: Beastly Appendage ||    13
       Sticks to Snakes  ||     5
  Use: Potion            ||     2
  Eat: Chunk             ||     1
Armor: Skin              ||    33
Dodge: Dodged            ||    85
